AoeStats
← Michi3052

Golden Pit

508248661Analyzed
1v1 RM · 11d ago on Sep 21, 2026· 33m 49s· 2 players
Game mode
Random Map
Map size
Tiny (2 player)
Population
200
Speed
Normal
Resources
Standard
Victory
Conquest
Starting age
Dark Age
Ending age
Imperial Age
RankedLock teamsTeams togetherTeam positionsShared explorationLock speedFull tech treeHidden civsTurbo modeCheats
Victory
Defeat
🇲🇽 Romans · Mexico
729
+17
🇪🇸 Franks · Spain
740
-17
tec.man2611
4:43 Loom
12:21 Feudal Age
12:51 Double-Bit Axe
14:15 Horse Collar
20:26 Padded Archer Armor
20:37 Gold Mining
21:22 Stone Mining
22:02 Fletching
29:08 Castle Age
30:03 Squires
29:24 Pikeman
30:46 Bow Saw
30:40 Heavy Plow
Michi3052
10:55 Feudal Age
12:15 Double-Bit Axe
15:08 Loom
18:21 Castle Age
18:45 Stone Mining
31:26 Wheelbarrow
30:37 Town Watch
Connection lost

Rejoining the realm…

Still unreachable

The connection could not be restored.

Session expired

The server has moved on; the page needs a fresh start.